 Dungeon Crawl Stone Soup version 0.30-a0-371-gad7725a93e (webtiles) character file.

Game seed: 14041711906510257798

501 RascalDebosk the Magician (level 7, -1/49 HPs)
             Began as a Djinni Conjurer on Nov 20, 2022.
             Slain by an ogre
             ... wielding a +0 giant club
              (17 damage)
             ... on level 5 of the Dungeon on Nov 21, 2022.
             The game lasted 00:31:00 (3385 turns).

RascalDebosk the Magician (Djinni Conjurer)         Turns: 3385, Time: 00:31:01

Health: -1/49      AC:  7    Str:  6    XL:     7   Next: 40%
Gold:   190        EV: 11    Int: 22    God:
                   SH:  0    Dex: 11

rFire   + + .      SeeInvis .    l - +0 long sword
rCold   . . .      Faith    .    (no shield)
rNeg    . . .      Spirit   .    n - +2 leather armour {rC+}
rPois   ∞          Reflect  .    (no helmet)
rElec   .          Harm     .    o - +1 cloak {Will+}
rCorr   .          Rampage  .    (no gloves)
Will    +....                    (boots unavailable)
Stlth   +.........               (no amulet)
HPRegen 0.28/turn                (no ring)
MPRegen 0.00/turn                (no ring)

@: flying
A: sickness immunity, fire resistance 2, cold vulnerability 1, float, innate
caster, HP casting, extra vitality 1
a: no special abilities


You were on level 5 of the Dungeon.
You visited 1 branch of the dungeon, and saw 5 of its levels.

You collected 190 gold pieces.

Inventory:

Hand Weapons
 l - a +0 long sword (weapon)
 s - a +0 dagger
Armour
 a - a +0 robe
 n - a +2 leather armour of cold resistance (worn)
 o - a +1 cloak of willpower (worn)
Wands
 p - a wand of flame (19)
Scrolls
 c - a scroll of magic mapping {unknown}
 f - 4 scrolls of torment
 g - a scroll of noise {unknown}
 h - a scroll of silence {unknown}
 i - a scroll of identify
 m - a scroll of enchant armour {unknown}
Potions
 b - a potion of haste {unknown}
 d - 3 potions of curing
 e - a potion of invisibility {unknown}
 j - 2 potions of ambrosia {unknown}
 k - a potion of attraction {unknown}


   Skills:
 + Level 2.8 Fighting
 - Level 2.1 Dodging
 - Level 1.5 Stealth
 * Level 6.0 Spellcasting


You couldn't memorise any spells.
You knew the following spells:

 Your Spells              Type           Power      Damage    Failure   Level
a - Magic Dart            Conj           100%       1d8       1%          1
b - Searing Ray           Conj           66%        2d6       1%          2
c - Dazzling Flash        Conj/Hex       66%        N/A       3%          3
d - Fulminant Prism       Conj/Hex       16%        3d10      12%         4
e - Iskenderun's Mystic   Conj/Tloc      33%        2d8       12%         4
f - Sandblast             Erth           66%        2d15      1%          1
g - Call Imp              Summ           33%        N/A       1%          2
h - Confusing Touch       Hex            33%        N/A       3%          3
Your spell library was empty.

Dungeon Overview and Level Annotations

Branches:
Dungeon (5/15)
 Temple: D:4-7

Altars:
Cheibriados
Gozag
Makhleb

Annotations:
D:1 1 transporter


Innate Abilities, Weirdness & Mutations

You are immune to sickness and miasma.
You are immune to poison.
Your flesh is very heat resistant. (rF++)
You are vulnerable to cold. (rC-)
You float through the air rather than walking.
You learn spells naturally, not from books.
Your magical power is your life essence.
You have superior vitality. (+4 MHP)


Message History

Press: ? - help, Shift-Dir - straight line, f/p - phantom
Aim: a phantom (heavily damaged, 71% to hit)
The searing ray hits the phantom.
The phantom is severely damaged. (Press . to maintain the ray.)
The searing ray hits the phantom.
The phantom is almost destroyed.
Casting: Searing Ray (safe; 1% risk of failure)
Confirm with . or Enter, or press ? or * to list all spells.
The spell is quite dangerous to miscast (13% risk of failure)!
Continue anyway?
You erupt in a blast of force!
The mystic blast hits the phantom!
You destroy the phantom!
Your Spellcasting skill increases to level 6!
HP restored.
Found an ancient bone altar of Kikubaaqudgha.
Found a burning altar of Makhleb.
A jelly comes into view.
Found a pair of glowing boots.
i - a scroll of identify The helpless jelly fails to defend itself.
You hit the jelly.
Your hands burn!
The jelly is lightly wounded.
The jelly misses you.
You slash the jelly!
Your hands burn!
The jelly is severely wounded.
The jelly hits you but does no damage.
You slash the jelly!
You kill the jelly!
You see here a +2 pair of boots.
Found a stone staircase leading down.
Found an opulent altar of Gozag.
Found a snail-covered altar of Cheibriados.
An adder comes into view.
The adder hisses angrily.
An adder is nearby!
Aiming: Magic Dart (safe; 1% risk of failure)
Press: ? - help, Q - select action, (/) - cycle Shift-Dir - straight line, f - adder
Aim: an adder (100% to hit)
The magic dart hits the adder.
The adder is severely wounded.
Aiming: Magic Dart (safe; 1% risk of failure)
Press: ? - help, Q - select action, (/) - cycle Shift-Dir - straight line, f/p - adder
Aim: an adder (severely wounded, 100% to hit)
The magic dart hits the adder.
You kill the adder!
h - a scroll labelled PESMUWK SOUWK An orc comes into view.
It is wielding a +0 whip.
The orc shouts!
You hit the orc.
The orc is almost dead.
The orc barely misses you.
You hit the orc but do no damage.
The orc is almost dead.
The orc hits you but does no damage. The orc hits you with a +0 whip.
You barely miss the orc.
The orc is almost dead.
The orc hits you but does no damage.
You barely miss the orc.
The orc is almost dead.
The orc misses you.
You hit the orc.
The orc is almost dead.
The orc closely misses you. The orc hits you but does no damage.
You closely miss the orc.
The orc is almost dead.
The orc barely misses you.
You barely miss the orc.
The orc is almost dead.
The orc hits you with a +0 whip. The orc closely misses you.
You slash the orc!
You kill the orc!
Things that are here:
a +0 whip; a +0 chain mail An ogre comes into view.
It is wielding a +0 giant club.
Found a hand axe.
Found a stone staircase leading down.
Found a short sword.
The ogre shouts!
A phantom comes into view.
The ogre hits you with a +0 giant club!!
Ouch! That really hurt!
* * * LOW HITPOINT WARNING * * *
Casting: Magic Dart (safe; 1% risk of failure)
Confirm with . or Enter, or press ? or * to list all spells.
The spell is quite dangerous to miscast (12% risk of failure)!
Continue anyway?
You erupt in a blast of force!
The mystic blast hits the phantom!
The phantom is moderately damaged.
The phantom is knocked back by the mystic blast.
The mystic blast hits the ogre!
The ogre is moderately wounded.
The ogre is knocked back by the mystic blast.
* * * LOW HITPOINT WARNING * * *
Casting: Iskenderun's Mystic Blast (quite dangerous; 12% risk of failure)
Confirm with . or Enter, or press ? or * to list all spells.
Casting: Dazzling Flash (dangerous; 3% risk of failure)
Press: ? - help, Dir - look around, f - activate The ogre is dazzled.
* * * LOW HITPOINT WARNING * * *
The ogre is no longer blind.
The ogre attacks as you move away! The ogre hits you with a +0 giant club!
You die...

############
#..........########
#.######W.O@......##
#.# #.#.....)...#
#...).#
#.########..#
#.#>#W# #.# #..#
....).... ..# #..#
### #.# ###### #..#
... #..# #.# ###..#
#.# #....#


You could see an ogre and a phantom.

Vanquished Creatures
  A phantom (D:5)
  Blork the orc (D:4)
  A scorpion (D:4)
  An orc priest (D:4)
  2 jellies
  A hound (D:4)
  Crazy Yiuf (D:4)
  An iguana (D:4)
  Natasha (D:3)
  3 adders
  A worm (D:3)
  2 dart slugs (D:2)
  5 orcs
  6 endoplasms
  3 giant cockroaches
  6 goblins
  5 hobgoblins
  10 jackals
  A quokka (D:2)
  A ball python (D:2)
  6 bats
  2 frilled lizards
  4 kobolds
  A rat (D:1)
66 creatures vanquished.

Vanquished Creatures (others)
  6 fulminant prisms
6 creatures vanquished.

Grand Total: 72 creatures vanquished

Notes
Turn   | Place    | Note
-------+----------+-------------------------------------------
     0 | D:1      | RascalDebosk the Djinni Conjurer began the quest for the
                  | Orb.
     0 | D:1      | RascalDebosk set off with the following spells memorised:
                  | Magic Dart, Searing Ray, Dazzling Flash, Fulminant Prism,
                  | Iskenderun's Mystic Blast.
     0 | D:1      | Reached XP level 1. HP: 15/15 MP: 0/0
   239 | D:1      | Reached XP level 2. HP: 19/21 MP: 0/0
   772 | D:2      | Reached XP level 3. HP: 22/25 MP: 0/0
   772 | D:2      | Learned a level 1 spell: Sandblast
   809 | D:2      | Found a faded altar of an unknown god.
   927 | D:2      | Reached skill level 4 in Spellcasting
  1141 | D:2      | Reached XP level 4. HP: 26/31 MP: 0/0
  2098 | D:3      | Noticed Natasha
  2105 | D:3      | Killed Natasha
  2106 | D:3      | Reached XP level 5. HP: 26/35 MP: 0/0
  2106 | D:3      | Learned a level 2 spell: Call Imp
  2326 | D:4      | Reached skill level 5 in Spellcasting
  2338 | D:4      | Reached skill level 1 in Fighting
  2338 | D:4      | Reached XP level 6. HP: 30/42 MP: 0/0
  2478 | D:4      | Noticed Blork the orc
  2484 | D:4      | Killed Blork the orc
  2660 | D:4      | Found a runed translucent door.
  2661 | D:4      | Noticed Crazy Yiuf
  2668 | D:4      | Killed Crazy Yiuf
  2669 | D:4      | Reached XP level 7. HP: 33/49 MP: 0/0
  2669 | D:4      | Learned a level 3 spell: Confusing Touch
  3044 | D:5      | Entered Level 5 of the Dungeon
  3059 | D:5      | Reached skill level 6 in Spellcasting
  3161 | D:5      | Found a burning altar of Makhleb.
  3239 | D:5      | Found an opulent altar of Gozag.
  3241 | D:5      | Found a snail-covered altar of Cheibriados.
  3385 | D:5      | Slain by an ogre

Illustrated notes

Levels and vault maps discovered:
D:1:      spicycebolla_arrival_risky_transporter, layout_basic
D:2:      layout_basic, ebering_ecumenical_altar_webs, minmay_split_cup_small
D:3:      layout_basic, serial_co_window_serial, co_window_paths_a,
          co_window_of_opportunity_a, co_window_paths_a,
          co_window_of_opportunity_a, co_window_of_opportunity_a,
          co_window_corner_a, co_window_2corner, co_window_broadway_b,
          co_window_of_opportunity_c, glass_columns_b, glass_columns_b,
          glass_columns_c, uniq_natasha
D:4:      layout_basic, uniq_blork_the_orc, uniq_crazy_yiuf_cottage
D:5:      layout_loops_ring, nicolae_overflow_hidden_temple,
          ebering_ghost_reflecting_pool

Skill      XL: |  1  2  3  4  5  6  7 |
---------------+----------------------+-----
Spellcasting   | 4 5 6 |  6.0
Fighting       | 1 2 |  2.8
Dodging        | |  2.1
Stealth        | |  1.5

Action                   |  1- 3 |  4- 6 |  7- 9 || total
-------------------------+-------+-------+-------++-------
Melee: Dagger            |     3 |     1 |       ||     4
       Long sword        |       |       |    11 ||    11
 Cast: Magic Dart        |    57 |    48 |     3 ||   108
       Searing Ray       |     2 |     6 |     2 ||    10
       Dazzling Flash    |     1 |       |     1 ||     2
       Fulminant Prism   |       |     6 |       ||     6
       Iskenderun's Myst |       |     2 |     3 ||     5
  Use: Scroll            |       |       |     3 ||     3
 Stab: Invisible         |     1 |       |       ||     1
       Sleeping          |       |       |     1 ||     1
Armor: Robe              |     4 |       |       ||     4
       Leather armour    |       |       |     5 ||     5
Dodge: Dodged            |    16 |     5 |    10 ||    31

Table legend: (Time is in decaauts)
 A = Elapsed time spent in this place.
 B = Non-inter-level travel time spent in this place.
 C = Inter-level travel time spent in this place.
 D = Time resting spent in this place.
 E = Time spent auto-exploring this place.
 F = Levels seen in this place.
 G = Mean time per level.
                   A        B        C        D        E       F      G
               +--------+--------+--------+--------+--------+-----+--------+
         Total |   3396 |   3304 |     92 |      7 |   2703 |   5 |  679.2 |
       Dungeon |   3396 |   3304 |     92 |      7 |   2703 |   5 |  679.2 |
               +--------+--------+--------+--------+--------+-----+--------+

Top non-repeatable levels by time:
     D:4: 864 daAuts
     D:1: 758 daAuts
     D:3: 728 daAuts
     D:2: 700 daAuts
     D:5: 345 daAuts
